 Dungeon Crawl Stone Soup version 0.30-a0-924-g0ad0bf95bc (webtiles) character file.

Game seed: 1370628724818422660

213 jlumianski the Trooper (level 5, -3/42 HPs)
             Began as a Demonspawn Fighter on Mar 22, 2023.
             Slain by Ijyb
             ... wielding a +0 club
              (5 damage)
             ... on level 3 of the Dungeon.
             The game lasted 00:08:02 (1827 turns).

jlumianski the Trooper (Demonspawn Fighter)         Turns: 1827, Time: 00:08:02

Health: -3/42      AC: 11    Str: 16 (18) XL:     5   Next: 59%
Magic:  5/5        EV: 11    Int:  8 (9)  God:
Gold:   122        SH:  9    Dex: 11 (13) Spells: 4/4 levels left

rFire   . . .      SeeInvis .    a - +0 war axe
rCold   . . .      Faith    .    c - +1 buckler
rNeg    . . .      Spirit   .    m - +0 chain mail
rPois   .          Reflect  .    (no helmet)
rElec   .          Rampage  .    i - scarf {+Inv}
rCorr   .                        (no gloves)
Will    .....                    (no boots) Stlth
                                 (no amulet)
HPRegen 0.27/turn                q - +5 ring of evasion
MPRegen 0.09/turn                (no ring)

@: no status effects
A: claws 1, thin metallic scales 1, condensation shield
a: Evoke Invisibility


You were on level 3 of the Dungeon.
You visited 1 branch of the dungeon, and saw 4 of its levels.

You collected 122 gold pieces.

Inventory:

Hand Weapons
 a - a +0 war axe (weapon)
Missiles
 e - 21 stones (quivered)
Armour
 b - a +0 scale mail
 c - a +1 buckler (worn)
 i - a scarf of invisibility (worn)
 m - a +0 chain mail (worn)
 t - +0 steam dragon scales
Jewellery
 q - a +5 ring of evasion (left claw)
Scrolls
 g - a scroll of fog {unknown}
 h - 3 scrolls of summoning {unknown}
 j - a scroll of enchant armour
 k - a scroll of fear {unknown}
 o - a scroll of vulnerability {unknown}
 s - a scroll of poison {unknown}
 u - a scroll of torment {unknown}
Potions
 d - a potion of might
 f - a potion of degeneration
 l - a potion of lignification {unknown}
 n - a potion of brilliance {unknown}
 p - 2 potions of attraction
 r - a potion of haste


   Skills:
 * Level 3.9 Fighting
 + Level 3.4 Axes
 + Level 3.4 Armour
 + Level 0.6 Dodging
 + Level 3.1 Shields
 * Level 1.4 Evocations


You had 4 spell levels left.
You didn't know any spells.
Your spell library was empty.

Dungeon Overview and Level Annotations

Branches:
Dungeon (4/15)
 Temple: D:4-7

Altars:
Fedhas
Nemelex Xobeh
Ru

Annotations:
D:3 Ijyb


Innate Abilities, Weirdness & Mutations

You have sharp fingernails.
You are partially covered in thin metallic scales. (AC +2)
A meltable shield of frost defends you. (SH +4)


Message History

You kill the hobgoblin!
Ijyb hits you but does no damage. The grasping roots constrict you.
Ijyb closely misses you. The grasping roots constrict you.
You hit Ijyb.
Ijyb is almost dead.
Ijyb hits you with a +0 club. The grasping roots constrict you.
The grasping roots release their grip on you.
You barely miss Ijyb.
Ijyb is almost dead.
Ijyb zaps a wand.
The roots erupt in riotous growth!
The grasping roots grab you!
Ijyb is unaffected.
The grasping roots constrict you. You block Ijyb's attack.
The grasping roots constrict you.
* * * LOW HITPOINT WARNING * * *
You hit Ijyb but do no damage.
Ijyb is almost dead.
Ijyb hits you but does no damage. The grasping roots constrict you.
* * * LOW HITPOINT WARNING * * *
You closely miss Ijyb.
Ijyb is almost dead.
Ijyb hits you but does no damage. The grasping roots constrict you.
Ijyb hits you but does no damage. The grasping roots constrict you.
* * * LOW HITPOINT WARNING * * *
The grasping roots release their grip on you.
Okay, then.
You hit Ijyb.
Ijyb is almost dead.
Ijyb zaps a wand.
The roots erupt in riotous growth!
The grasping roots grab you!
Ijyb is unaffected.
The grasping roots constrict you.
* * * LOW HITPOINT WARNING * * *
You hit Ijyb but do no damage.
Ijyb is almost dead.
Ijyb hits you but does no damage. The grasping roots constrict you.
* * * LOW HITPOINT WARNING * * *
The grasping roots release their grip on you.
You barely miss Ijyb.
Ijyb is almost dead.
Ijyb hits you with a +0 club.
You die...

#.##.##..........#
#.##.##..........#
#.##.#############
#.##.# #.##.# #.#
#.# #.# #@#
#g......'
#########


You could see Ijyb.

Vanquished Creatures
  A scorpion (D:3)
  Terence (D:2)
  Jessica (D:2)
  2 adders (D:2)
  2 worms
  A dart slug (D:2)
  5 orcs (D:3)
  6 bats
  6 endoplasms
  3 giant cockroaches
  3 goblins
  6 hobgoblins
  4 kobolds
  5 quokkas
  8 ball pythons
  7 frilled lizards
  8 rats
69 creatures vanquished.

Notes
Turn   | Place    | Note
-------+----------+-------------------------------------------
     0 | D:1      | jlumianski the Demonspawn Fighter began the quest for the
                  | Orb.
     0 | D:1      | Reached XP level 1. HP: 18/18 MP: 1/1
    47 | D:1      | Gained mutation: You are partially covered in thin metallic
                  | scales. (AC +2) [demonic ancestry]
    47 | D:1      | Reached XP level 2. HP: 15/24 MP: 2/2
   254 | D:1      | Reached XP level 3. HP: 29/29 MP: 3/3
   513 | D:1      | Found a faded altar of an unknown god.
   760 | D:2      | Noticed Terence
   770 | D:2      | Killed Terence
   771 | D:2      | Gained mutation: You have sharp fingernails. [demonic
                  | ancestry]
   771 | D:2      | Reached XP level 4. HP: 23/35 MP: 4/4
   806 | D:3      | Found a sacrificial altar of Ru.
   815 | D:3      | Found a sparkling altar of Nemelex Xobeh.
   822 | D:3      | Found a blossoming altar of Fedhas.
  1039 | D:2      | Noticed Jessica
  1045 | D:2      | Killed Jessica
  1046 | D:2      | Reached skill level 1 in Evocations
  1524 | D:3      | Noticed a scorpion
  1553 | D:3      | Killed a scorpion
  1554 | D:3      | Gained mutation: A meltable shield of frost defends you.
                  | (SH +4) [demonic ancestry]
  1554 | D:3      | Reached XP level 5. HP: 34/42 MP: 5/5
  1805 | D:3      | Noticed Ijyb
  1825 | D:3      | HP: 2/42 [constriction (4)]
  1827 | D:3      | Slain by Ijyb

Illustrated notes

Levels and vault maps discovered:
D:1:      spicycebolla_green_bress_n_ham_2, layout_rooms,
          hellmonk_ecumenical_altar_defaced_shrine
D:2:      layout_loops_ring, uniq_jessica, uniq_terence
D:3:      layout_basic, grunt_temple_overflow_diamond, uniq_ijyb
D:4:      layout_loops_cross, nicolae_ashenzari_panopticon,
          amcnicky_altar_gilded, serial_shops, shop

Skill      XL: |  1  2  3  4 |
---------------+-------------+-----
Armour         | 3 |  3.4
Axes           | 2 3 |  3.4
Shields        | 3 |  3.1
Evocations     | 1 |  1.4
Fighting       | |  3.9
Dodging        | |  0.6

Action                     |  1- 3 |  4- 6 || total
---------------------------+-------+-------++-------
  Melee: War axe           |   100 |   147 ||   247
    Use: Potion            |       |     3 ||     3
         Scroll            |       |     1 ||     1
 Armour: Scale mail        |    67 |       ||    67
         Chain mail        |       |    62 ||    62
  Dodge: Dodged            |    58 |    45 ||   103
  Block: Buckler           |    28 |    44 ||    72

Table legend: (Time is in decaauts)
 A = Elapsed time spent in this place.
 B = Non-inter-level travel time spent in this place.
 C = Inter-level travel time spent in this place.
 D = Time resting spent in this place.
 E = Time spent auto-exploring this place.
 F = Levels seen in this place.
 G = Mean time per level.
                   A        B        C        D        E       F      G
               +--------+--------+--------+--------+--------+-----+--------+
         Total |   1916 |   1817 |     99 |      9 |   1040 |   4 |  479.0 |
       Dungeon |   1916 |   1817 |     99 |      9 |   1040 |   4 |  479.0 |
               +--------+--------+--------+--------+--------+-----+--------+

Top non-repeatable levels by time:
     D:2: 775 daAuts
     D:3: 587 daAuts
     D:1: 538 daAuts
     D:4: 14 daAuts
